 Dungeon Crawl Stone Soup version 0.32-a0-699-g1ee5eff69a (webtiles) character file.

Game seed: 2423536077168332160

55 Aldia the Chiller (level 3, -5/26 HPs)
             Began as a Mummy Ice Elementalist on Mar 13, 2024.
             Slain by Crazy Yiuf
             ... wielding a +4 quarterstaff of chaos
              (13 damage)
             ... on level 2 of the Dungeon.
             The game lasted 00:02:25 (2098 turns).

Aldia the Chiller (Mummy Ice Elementalist)          Turns: 2098, Time: 00:02:26

Health: -5/26      AC:  2    Str: 11    XL:     3   Next: 67%
Magic:  1/7        EV: 11    Int: 16    God:
Gold:   91         SH:  0    Dex: 12    Spells: 1/8 levels left

rFire   x . .        h - +1 whip (venom)
rCold   + . .        (no shield)
rNeg    + + +        a - +0 robe
rPois   ∞            (no helmet)
rElec   .            (no cloak)
rCorr   .            (no gloves)
SInv    .            (no boots)
Will    .....        (no amulet)
Stlth   ++           (no ring)
HPRegen 0.24/turn    (no ring)
MPRegen 0.10/turn

%: faith
@: freezing walls
A: cold resistance 1, negative energy resistance 3, torment resistance 2, heat
vulnerability 1, in touch with death 1, no potions, faith
a: no special abilities


You were on level 2 of the Dungeon.
You visited 1 branch of the dungeon, and saw 2 of its levels.

You collected 91 gold pieces.

Inventory:

Hand Weapons
 e - a +0 short sword
 h - a +1 whip of venom (weapon)
Armour
 a - a +0 robe (worn)
 f - a +0 scale mail
Scrolls
 b - a scroll of brand weapon {unknown}
 c - 2 scrolls of identify {unknown}
 d - a scroll of revelation {unknown}
 g - a scroll of poison {unknown}
 i - a scroll of vulnerability {unknown}


   Skills:
 + Level 1.2 Fighting
 - Level 1.5 Dodging
 + Level 2.1 Stealth
 + Level 3.3 Spellcasting
 * Level 3.8 Ice Magic


You had one spell level left.
You knew the following spells:

 Your Spells              Type           Power      Damage    Failure   Level
a - Freeze                Ice            56%        1d7       3%          1
b - Frozen Ramparts       Ice            28%        1d5       12%         3
c - Ozocubu's Armour      Ice            14%        N/A       12%         3

Your spell library contained the following spells:

 Spells                   Type           Power      Damage    Failure   Level
 Summon Ice Beast         Ice/Summ       8%         N/A       26%         3
 Static Discharge         Conj/Air       4%         3-4/arc   28%         2
 Airstrike                Air            1%         2d(1-17)  88%         4
 Summon Lightning Spire   Summ/Air       2%         N/A       88%         4


Dungeon Overview and Level Annotations

Branches:
Dungeon (2/15)

Altars:

Annotations:
D:2 Crazy Yiuf


Innate Abilities, Weirdness & Mutations

You are immune to poison.
Your flesh is cold resistant. (rC+)
You are immune to negative energy. (rN+++)
You are immune to unholy pain and torment.
You are vulnerable to heat. (rF-)
You are in touch with the powers of death.
You do not drink.
You have a special connection with the divine. (Faith)


Message History

Unknown command.
You open the door.
The wall freezes Crazy Yiuf.
Casting: Frozen Ramparts (quite dangerous; 12% risk of failure)
Confirm with . or Enter, or press ? or * to list all spells.
Aiming: Freeze (safe; 3% risk of failure)
Press: ? - help, Shift-Dir - straight line, f - Crazy Yiuf
Aim: Crazy Yiuf, wielding a +4 quarterstaff of chaos and wearing a +2 cloak (lightly wounded)
You freeze Crazy Yiuf!
Crazy Yiuf is heavily wounded.
The wall freezes Crazy Yiuf but does no damage.
Crazy Yiuf misses you.
Unknown command.
You closely miss Crazy Yiuf.
Crazy Yiuf is heavily wounded.
The wall freezes Crazy Yiuf but does no damage.
Crazy Yiuf barely misses you.
You barely miss Crazy Yiuf.
Crazy Yiuf is heavily wounded.
The wall freezes Crazy Yiuf.
Crazy Yiuf closely misses you.
You barely miss Crazy Yiuf.
Crazy Yiuf is severely wounded.
The wall freezes Crazy Yiuf but does no damage.
Crazy Yiuf hits you with a +4 quarterstaff of chaos!
Crazy Yiuf freezes you.
You hit Crazy Yiuf.
Crazy Yiuf is poisoned.
Crazy Yiuf is almost dead.
The wall freezes Crazy Yiuf but does no damage.
Crazy Yiuf barely misses you.
The wall freezes Crazy Yiuf but does no damage.
Crazy Yiuf hits you with a +4 quarterstaff of chaos.
Crazy Yiuf burns you.
* * * LOW HITPOINT WARNING * * *
Your magical contamination has completely faded away.
You barely miss Crazy Yiuf.
Crazy Yiuf is almost dead.
The wall freezes Crazy Yiuf but does no damage.
Crazy Yiuf whimpers, "Hack Hive shoe!"
Crazy Yiuf hits you with a +4 quarterstaff of chaos!
Ouch! That really hurt!
You die...

#.#
#..'..........
###.#
####.....#####
#...# #.....#
#.### ##....# #.#
#....# ##.#
#....# #..##♣♣
### #....#
#..#..♣♣ ♣♣#..)#
######
#......♣♣♣♣@g...#
##...PP.♣..♣#...#
###.P.♣.♣♣♣ ###
##♣♣♣♣♣ #### #...
#... #...


You could see Crazy Yiuf (very poisoned).

Vanquished Creatures
  3 gnolls (D:2)
  A ribbon worm (D:2)
  A dart slug (D:1)
  A bat (D:2)
  3 endoplasms
  2 giant cockroaches (D:1)
  2 goblins (D:1)
  2 quokkas (D:1)
  2 frilled lizards
  4 kobolds (D:1)
  2 rats (D:1)
23 creatures vanquished.

Notes
Turn   | Place    | Note
-------+----------+-------------------------------------------
     0 | D:1      | Aldia the Mummy Ice Elementalist began the quest for the
                  | Orb.
     0 | D:1      | Reached XP level 1. HP: 13/13 MP: 4/4
   258 | D:1      | Reached XP level 2. HP: 20/20 MP: 3/5
  1263 | D:2      | Found a runed translucent door.
  1264 | D:2      | Noticed Crazy Yiuf
  1437 | D:2      | Reached skill level 1 in Fighting
  1437 | D:2      | Reached XP level 3. HP: 7/26 MP: 3/7
  1441 | D:2      | Learned a level 3 spell: Frozen Ramparts
  1445 | D:2      | Learned a level 3 spell: Ozocubu's Armour
  2098 | D:2      | Slain by Crazy Yiuf

Illustrated notes

Levels and vault maps discovered:
D:1:      scummos_arrival_simple_crosswalls, layout_basic, st_stairs_9
D:2:      layout_basic, uniq_crazy_yiuf_cottage

Skill      XL: |  1  2 |
---------------+-------+-----
Spellcasting   | 3 |  3.3
Fighting       | 1 |  1.2
Stealth        | 2 |  2.1
Dodging        | |  1.5
Ice Magic      | |  3.8

Action                     || total
---------------------------++-------
  Melee: Short sword       ||     9
         Whip              ||    13
   Cast: Freeze            ||    42
         Frozen Ramparts   ||     2
   Stab: Sleeping          ||     1
 Armour: Robe              ||    25
  Dodge: Dodged            ||    28

Table legend: (Time is in decaauts)
 A = Elapsed time spent in this place.
 B = Non-inter-level travel time spent in this place.
 C = Inter-level travel time spent in this place.
 D = Time resting spent in this place.
 E = Time spent auto-exploring this place.
 F = Levels seen in this place.
 G = Mean time per level.
                   A        B        C        D        E       F      G
               +--------+--------+--------+--------+--------+-----+--------+
         Total |   2098 |   2041 |     57 |      0 |   1841 |   2 | 1049.0 |
       Dungeon |   2098 |   2041 |     57 |      0 |   1841 |   2 | 1049.0 |
               +--------+--------+--------+--------+--------+-----+--------+

Top non-repeatable levels by time:
     D:2: 1067 daAuts
     D:1: 1030 daAuts
